 Dungeon Crawl Stone Soup version 0.17-a0-227-gf5308cc (webtiles) character file.

329 Ngotmuk the Schismatic (level 6, 0/48 HPs)
             Began as a Demonspawn Abyssal Knight on Mar 30, 2015.
             Was an Elder of Lugonu.
             Slain by Edmund
             ... wielding a +2 flail of crushing
              (1 damage)
             ... on level 4 of the Dungeon.
             The game lasted 00:06:54 (3764 turns).

Ngotmuk the Schismatic (Demonspawn Abyssal Knight)  Turns: 3764, Time: 00:06:55

Health: 0/48       AC: 10    Str: 14    XL:     6   Next: 25%
Magic:  11/11      EV:  9    Int: 14    God:    Lugonu [****..]
Gold:   179        SH:  0    Dex: 12    Spells: 0 memorised, 5 levels left

rFire  . . .     SeeInvis .     a - +1 falchion
rCold  . . .     Clarity  .     k - +0 chain mail (curse)
rNeg   . . .     SustAb   .     (no shield)
rPois  .         Gourm    .     (no helmet)
rElec  .         Spirit   .     q - +0 cloak
rCorr  .         Warding  .     (no gloves)
rMut   .         Stasis   .     (no boots)
MR     .....                    (no amulet)
Stlth  ..........               (no ring)
                                (no ring)

@: not resistant to hostile enchantments, extremely unstealthy
A: hooves 2, repulsion field 1, powered by pain 1
a: Depart the Abyss, Bend Space, Banish, Corrupt, Renounce Religion


You were on level 4 of the Dungeon.
You worshipped Lugonu.
Lugonu was greatly pleased with you.
You were not hungry.

You visited 1 branch of the dungeon, and saw 4 of its levels.
You visited the Abyss 1 time.

You collected 179 gold pieces.

Inventory:

Hand weapons
 a - a +1 falchion (weapon)
Armour
 k - a cursed +0 chain mail (worn)
 q - a +0 cloak (worn)
Magical devices
 d - a wand of polymorph (12)
Scrolls
 b - a scroll of amnesia {unknown}
 e - 6 scrolls of identify {unknown}
 i - a scroll of enchant armour {unknown}
 m - 3 scrolls of noise {unknown}
 p - a scroll of random uselessness {unknown}
 r - a scroll of fear {unknown}
Potions
 f - a potion of lignification {unknown}
 h - a potion of cancellation {unknown}
 j - a potion of cure mutation {unknown}
 l - 2 potions of resistance {unknown}
 n - 2 potions of poison {unknown}
 o - 2 potions of haste {unknown}
Comestibles
 c - 3 bread rations
 g - 3 meat rations


   Skills:
 + Level 4.1 Fighting
 + Level 3.0 Long Blades
 + Level 2.9 Armour
 + Level 2.7 Dodging
 + Level 4.4 Invocations


You had 5 spell levels left.
You didn't know any spells.

Dungeon Overview and Level Annotations

Branches:
Dungeon (4/15)
 Temple: D:4-7

Altars:
Xom

Annotations:
D:4 Edmund


Innate Abilities, Weirdness & Mutations

You have hoof-like feet.
You are surrounded by a mild repulsion field (EV +2).
You sometimes gain a little power by taking damage.


Message History

You hit Edmund.
Edmund is almost dead.
Edmund barely misses you.
You closely miss Edmund.
Edmund is almost dead.
Edmund barely misses you.
You closely miss Edmund. You kick Edmund, but do no damage.
Edmund is almost dead.
Edmund hits you with a flail of crushing.
* * * LOW HITPOINT WARNING * * *
x2 You completely miss Edmund.
Your kick misses Edmund.
Edmund is almost dead.
Edmund closely misses you.
You closely miss Edmund. You kick Edmund, but do no damage.
Edmund is almost dead.
You hit Edmund.
Edmund is almost dead.
Edmund hits you with a flail of crushing.
* * * LOW HITPOINT WARNING * * *
You die...

.?. #.# #.#
#######. #.#
......... ...
......#. #.#
......# #.# ......#
#@######## ......#
#@........
......###
#.........
........##
#.........
.######..#
#.........+ .##
##.# ##........#
..# #.## #........#
..#
#..#######........#
#.##
##'##........[....#
...#
#...#.#############


You could see Edmund.

Vanquished Creatures
  An ogre (D:4)
  A scorpion (D:4)
  A hound (D:3)
  An orc wizard (D:3)
  A worker ant (D:4)
  3 adders
  2 worms
  3 giant geckos
  An ooze (D:1)
  3 orcs (D:3)
  2 ball pythons
  10 bats
  5 giant cockroaches
  6 hobgoblins
  7 jackals
  7 giant newts
  10 goblins
  5 kobolds
  A quokka (D:3)
  4 rats
74 creatures vanquished.

Notes
Turn   | Place    | Note
--------------------------------------------------------------
     0 | Abyss:1  | Ngotmuk, the Demonspawn Abyssal Knight, began the quest for the Orb.
     0 | Abyss:1  | Reached XP level 1. HP: 18/18 MP: 1/1
    57 | D:1      | Escaped the Abyss
    64 | D:1      | Reached skill level 1 in Dodging
   381 | D:1      | Gained mutation: You sometimes gain a little power by taking damage. [demonic ancestry]
   381 | D:1      | Reached XP level 2. HP: 16/24 MP: 2/2
   513 | D:1      | Acquired Lugonu's second power
  1015 | D:2      | Gained mutation: You have large cloven feet. [demonic ancestry]
  1015 | D:2      | Reached XP level 3. HP: 22/29 MP: 5/5
  1117 | D:2      | Found a shimmering altar of Xom.
  2015 | D:3      | Gained mutation: You are surrounded by a mild repulsion field (EV +2). [demonic ancestry]
  2015 | D:3      | Reached XP level 4. HP: 35/35 MP: 7/7
  2069 | D:3      | Identified a +0 rod of inaccuracy (11/11) (You found it on level 3 of the Dungeon)
  2079 | D:3      | Acquired Lugonu's third power
  2635 | D:3      | Reached XP level 5. HP: 37/42 MP: 9/9
  2642 | D:3      | Reached skill level 4 in Invocations
  2946 | D:4      | HP: 1/42 [scorpion (5)]
  3303 | D:4      | Noticed an ogre
  3303 | D:4      | Noticed an ogre
  3680 | D:4      | Killed an ogre
  3680 | D:4      | Gained mutation: You have hoof-like feet. [demonic ancestry]
  3680 | D:4      | Reached XP level 6. HP: 36/48 MP: 11/11
  3719 | D:4      | Acquired Lugonu's fourth power
  3733 | D:4      | Noticed Edmund
  3761 | D:4      | HP: 2/48 [Edmund/flail of crushing (4)]
  3764 | D:4      | Slain by Edmund

Action                   |  1- 3 |  4- 6 || total
-------------------------+-------+-------++-------
Melee: Falchion          |   126 |   224 ||   350
Invok: Bend Space        |       |     1 ||     1
  Use: Potion            |       |     2 ||     2
       Scroll            |       |     1 ||     1
  Eat: Meat ration       |     1 |     1 ||     2
